Atlantic City Gamblers vs Havana Tropicals

Created - Wednesday, November 12, 2025 at 08:09

Goals
1 2 3 T
Atlantic City Gamblers 3 3 1 7
Havana Tropicals 2 0 1 3
Shots
1 2 3 T
Atlantic City Gamblers 9 22 7 38
Havana Tropicals 14 7 13 34

1st period

1. Havana Tropicals , Sasha Pastujov 33 (Elias N. Pettersson 1, Elmer Soderblom 15) at 3:11
2. Havana Tropicals , Pavel Dorofeyev 54 (Matt Grzelcyk 61) at 4:06 (PP)
3. Atlantic City Gamblers , Ivan Miroshnichenko 53 (Caedan Bankier 23, Thomas Bordeleau 63) at 8:42
4. Atlantic City Gamblers , Nils Hoglander 44 (Marek Alscher 6, Hendrix Lapierre 70) at 8:50
5. Atlantic City Gamblers , Yegor Sokolov 53 (Tristan Broz 37, Boris Katchouk 49) at 19:16

Penalties :
Thomas Bordeleau (ACG) for Roughing (Double Minor) at 3:14, Ben King (ACG) for Interference (Minor) at 12:59

2nd period

6. Atlantic City Gamblers , Nils Hoglander 45 (Mason Lohrei 84, Thomas Bordeleau 64) at 3:45
7. Atlantic City Gamblers , Tristan Broz 26 (Nils Hoglander 60) at 7:23 (PP)
8. Atlantic City Gamblers , Yegor Sokolov 54 (Mason Lohrei 85, Nils Hoglander 61) at 14:34 (PP)

Penalties :
Boris Katchouk (ACG) for Roughing (Minor) at 4:48, Zach Aston-Reese (HAV) for Roughing (Minor) at 5:56, Ben King (ACG) for High sticking (Minor) at 9:29, Mattias Norlinder (HAV) for High sticking (Minor) at 14:11, Zach Aston-Reese (HAV) for Fighting (Major) at 15:21, Yegor Sokolov (ACG) for Fighting (Major) at 15:21, Rodwin Dionicio (HAV) for Fighting (Major) at 16:47, Ben King (ACG) for Fighting (Major) at 16:47

3rd period

9. Atlantic City Gamblers , Boris Katchouk 40 (Yegor Sokolov 57, Shakir Mukhamadullin 35) at 0:51
10. Havana Tropicals , Pavel Dorofeyev 55 (Zach Aston-Reese 1, Matt Grzelcyk 62) at 9:41 (PP)

Penalties :
Aidan McDonough (HAV) for Fighting (Major) at 2:04, Nathan Bastian (ACG) for Fighting (Major) at 2:04, Nathan Bastian (ACG) for instigated a fight (Minor) at 2:04, Nathan Bastian (ACG) for instigated a fight (10 Minutes Misconduct) at 2:04, Ronnie Attard (ACG) for High sticking (Minor) at 9:32, Alexander Nylander (HAV) for Fighting (Major) at 10:28, Thomas Bordeleau (ACG) for Fighting (Major) at 10:28, Thomas Bordeleau (ACG) for instigated a fight (Minor) at 10:28, Thomas Bordeleau (ACG) for instigated a fight (10 Minutes Misconduct) at 10:28, Darren Raddysh (HAV) for Roughing (Minor) at 11:18, Ronnie Attard (ACG) for Hooking (Minor) at 15:43

Goalie Stats

Jan Bednar (ACG), 31 saves from 34 shots - (0.912), W, 17-6-1, 60:00 minutes
Unknown Goalie (HAV), 31 saves from 38 shots - (0.816), L, 0-1-0, 60:00 minutes

Players Stats for Atlantic City Gamblers

Player Name              G  A  P  +/- PIM S  H  SB GA TA FO     MP     PP MP  PK MP  
------------------------------------------------------------------------------------
                         0  0  0   0  0   0  0  0  0  0  0/0     0:00   0:00   0:00 
Alexander Holtz          0  0  0   1  0   1  0  0  0  0  0/0    10:54   0:00   0:00 
Ben King                 0  0  0   0  9   0  0  0  0  0  3/4     8:45   0:00   0:00 
Boris Katchouk           1  1  2   1  2   4  1  1  0  0  0/0    14:26   0:48   0:00 
Caedan Bankier           0  1  1   1  0   2  0  0  1  1  7/9    15:03   0:17   4:26 
Filip Roos               0  0  0   3  0   1  0  0  0  0  0/0    17:00   0:00   0:00 
Hendrix Lapierre         0  1  1   2  0   5  0  0  1  0  0/0    14:42   1:01   1:49 
Ivan Miroshnichenko      1  0  1   1  0   3  1  0  0  0  0/0    10:52   0:44   0:42 
Jean-Luc Foudy           0  0  0   0  0   0  0  1  0  0  2/2    11:32   0:04   0:00 
Marek Alscher            0  1  1   2  0   2  4  0  0  2  0/0    24:29   1:07   4:49 
Mason Lohrei             0  2  2   3  0   5  0  2  0  0  0/0    25:20   0:42   8:05 
Nathan Bastian           0  0  0   0  17  2  1  0  0  0  0/0    10:20   0:17   4:21 
Nils Hoglander           2  2  4   2  0   6  3  0  1  0  1/1    18:32   1:18   2:26 
Noah Warren              0  0  0  -1  0   0  0  0  1  1  0/0    18:15   0:00   8:05 
Ronnie Attard            0  0  0  -1  4   0  2  0  0  0  0/0    10:01   0:00   0:00 
Shakir Mukhamadullin     0  1  1   2  0   1  4  1  1  2  0/0    24:00   1:07   4:49 
Thomas Bordeleau         0  2  2   2  21  1  2  0  0  1  16/26  15:29   0:17   3:46 
Tristan Broz             1  1  2   1  0   3  1  1  0  0  14/20  19:28   0:48   4:09 
Yegor Sokolov            2  1  3   1  5   2  1  0  0  1  1/1    15:48   0:35   4:09 

Players Stats for Havana Tropicals

Player Name              G  A  P  +/- PIM S  H  SB GA TA FO     MP     PP MP  PK MP  
------------------------------------------------------------------------------------
                         0  0  0   0  0   0  0  0  0  0  0/0     0:00   0:00   0:00 
Aidan McDonough          0  0  0  -1  5   2  0  0  0  0  0/0     7:07   0:00   0:00 
Alexander Nylander       0  0  0   0  5   1  1  1  1  0  0/0    18:26   5:58   0:27 
Darren Raddysh           0  0  0  -3  2   1  1  1  0  2  0/0    20:13   6:28   0:37 
Dmitri Kuzmin            0  0  0   0  0   0  0  1  0  0  0/0    12:55   0:00   0:03 
Elias N. Pettersson      0  1  1  -1  0   2  2  2  0  0  0/0    22:04   6:25   0:54 
Elmer Soderblom          0  1  1   0  0   6  1  1  1  0  1/5    20:19   6:19   0:54 
Hunter Brzustewicz       0  0  0  -1  0   0  2  1  0  1  0/0    22:04   6:25   0:54 
Jakub Vrana              0  0  0  -3  0   9  2  0  0  0  3/7    16:52   0:55   0:15 
Matt Grzelcyk            0  2  2  -3  0   3  0  2  1  1  0/0    25:42   6:29   0:55 
Mattias Norlinder        0  0  0   0  2   0  0  0  0  0  0/0     6:03   0:00   0:00 
Nicklas Backstrom        0  0  0  -4  0   1  3  0  0  0  2/6    12:17   0:00   0:00 
Nolan Foote              0  0  0  -3  0   0  1  1  0  0  0/0    13:00   0:15   0:00 
Pavel Dorofeyev          2  0  2   0  0   4  1  1  3  0  1/7    24:30   6:13   0:55 
Rodwin Dionicio          0  0  0   0  5   0  0  1  0  0  0/0    11:32   0:00   0:15 
Ryan McAllister          0  0  0   0  0   1  0  1  0  1  3/13   18:15   6:18   0:00 
Samuel Blais             0  0  0  -1  0   0  0  0  0  0  0/0     8:45   0:00   0:38 
Sasha Pastujov           1  0  1   0  0   4  1  1  1  0  0/2    18:23   6:19   0:00 
Zach Aston-Reese         0  1  1   0  7   0  1  1  1  0  9/23   17:37   6:24   0:29 

3 Stars

1 - Nils Hoglander (ACG)
2 - Tristan Broz (ACG)
3 - Yegor Sokolov (ACG)

Power Play

Atlantic City Gamblers - 2 on 3 Attempt(s) - 66.67%
Havana Tropicals - 2 on 9 Attempt(s) - 22.22%

Penalty Kill

Atlantic City Gamblers - 7 on 9 Attempt(s) - 77.78% - Score 0 goal in Penalty Kill
Havana Tropicals - 1 on 3 Attempt(s) - 33.33% - Score 0 goal in Penalty Kill

Team Stat

Atlantic City Gamblers - Hits : 20 - Faceoff Wins : 44 - Blocked Shots : 6 - Penalty Minutes : 58
Havana Tropicals - Hits : 16 - Faceoff Wins : 19 - Blocked Shots : 15 - Penalty Minutes : 26

Official

Referees : Tom Chmielewski and Peter Macdougall
Linesman : Derek Nansen and David Brisebois

Game Notes

Zach Aston-Reese and Yegor Sokolov fight to a draw at 15:21 of 2nd period
Rodwin Dionicio and Ben King fight to a draw at 16:47 of 2nd period
Aidan McDonough and Nathan Bastian fight to a draw at 2:04 of 3rd period
Alexander Nylander and Thomas Bordeleau fight to a draw at 10:28 of 3rd period

Atlantic City Gamblers

5 vs 5 Forward 
   Center                   Left Wing                Right Wing               Time % Phy DF OF 
 1 Thomas Bordeleau         Nils Hoglander           Hendrix Lapierre         30     1   1  3  
 2 Tristan Broz             Yegor Sokolov            Boris Katchouk           30     1   1  3  
 3 Caedan Bankier           Alexander Holtz          Ivan Miroshnichenko      25     0   2  3  
 4 Ben King                 Nathan Bastian           Jean-Luc Foudy           15     1   2  2  

5 vs 5 Defense 
   Defense                  Defense                                           Time % Phy DF OF 
 1 Mason Lohrei             Filip Roos                                        38     1   3  1  
 2 Marek Alscher            Shakir Mukhamadullin                              37     1   3  1  
 3 Ronnie Attard            Noah Warren                                       25     1   3  1  
 4 Ronnie Attard            Noah Warren                                       0      1   3  1  

PowerPlay Forward 
   Center                   Left Wing                Right Wing               Time % Phy DF OF 
 1 Thomas Bordeleau         Nathan Bastian           Hendrix Lapierre         50     0   1  4  
 2 Tristan Broz             Yegor Sokolov            Boris Katchouk           50     0   1  4  

PowerPlay Defense
   Defense                  Defense                                           Time % Phy DF OF 
 1 Mason Lohrei             Nils Hoglander                                    50     0   2  3  
 2 Ivan Miroshnichenko      Shakir Mukhamadullin                              50     0   2  3  

Penalty Kill 4 Players Forward 
   Center                   Wing                     Time % Phy DF OF 
 1 Thomas Bordeleau         Nathan Bastian           55     0   4  1  
 2 Tristan Broz             Yegor Sokolov            45     0   4  1  

Penalty Kill 4 Players Defense
   Defense                  Defense                  Time % Phy DF OF 
 1 Mason Lohrei             Noah Warren              55     1   3  1  
 2 Marek Alscher            Shakir Mukhamadullin     45     1   3  1  

Penalty Kill - 3 Players Forward 
   Forward                                           Time % Phy DF OF 
 1 Thomas Bordeleau                                  50     0   5  0  
 2 Tristan Broz                                      50     0   5  0  

Penalty Kill - 3 Players Defense
   Defense                  Defense                  Time % Phy DF OF 
 1 Marek Alscher            Filip Roos               50     2   3  0  
 2 Shakir Mukhamadullin     Noah Warren              50     2   3  0  

4 vs 4 Forward 
   Center                   Wing                     Time % Phy DF OF 
 1 Thomas Bordeleau         Nils Hoglander           45     0   1  4  
 2 Tristan Broz             Boris Katchouk           55     0   1  4  

4 vs 4 Defense
   Defense                  Defense                  Time % Phy DF OF 
 1 Mason Lohrei             Filip Roos               45     0   2  3  
 2 Marek Alscher            Shakir Mukhamadullin     55     0   2  3  

Last Minutes Offensive
   Center                   Left Wing                Right Wing               Defense                  Defense                  
   Tristan Broz             Nathan Bastian           Nils Hoglander           Mason Lohrei             Hendrix Lapierre         

Last Minutes Defensive
   Center                   Left Wing                Right Wing               Defense                  Defense                  
   Tristan Broz             Yegor Sokolov            Ivan Miroshnichenko      Marek Alscher            Shakir Mukhamadullin     

Goaltenders
Starting : Jan Bednar               
Backup : Brandon Halverson        

Extra Forwards
Normal : Jean-Luc Foudy, Nils Hoglander, Alexander Holtz - PP : Yegor Sokolov, Ivan Miroshnichenko - PK : Caedan Bankier
Extra Defensemen
Normal : Ronnie Attard, Noah Warren, Shakir Mukhamadullin - PP : Ronnie Attard - PK : Ronnie Attard, Noah Warren
Penalty Shots
Jean-Luc Foudy, Tristan Broz, Boris Katchouk, Yegor Sokolov, Thomas Bordeleau

Scratches
Noah Juulsen (Sprained Right Ankle Injury), Artyom Grushnikov (Healthy), Trevor Janicke (Healthy), Alex Beaucage (Healthy), Nico Daws (Healthy)

Havana Tropicals

5 vs 5 Forward 
   Center                   Left Wing                Right Wing               Time % Phy DF OF 
 1 Zach Aston-Reese         Pavel Dorofeyev          Alexander Nylander       30     1   2  2  
 2 Ryan McAllister          Elmer Soderblom          Sasha Pastujov           30     1   2  2  
 3 Nicklas Backstrom        Jakub Vrana              Nolan Foote              25     1   2  2  
 4 Pavel Dorofeyev          Aidan McDonough          Samuel Blais             15     1   2  2  

5 vs 5 Defense 
   Defense                  Defense                                           Time % Phy DF OF 
 1 Matt Grzelcyk            Darren Raddysh                                    30     1   2  2  
 2 Elias N. Pettersson      Hunter Brzustewicz                                30     1   2  2  
 3 Dmitri Kuzmin            Rodwin Dionicio                                   25     1   2  2  
 4 Mattias Norlinder        Matt Grzelcyk                                     15     1   2  2  

PowerPlay Forward 
   Center                   Left Wing                Right Wing               Time % Phy DF OF 
 1 Zach Aston-Reese         Pavel Dorofeyev          Alexander Nylander       50     1   2  2  
 2 Ryan McAllister          Elmer Soderblom          Sasha Pastujov           50     1   2  2  

PowerPlay Defense
   Defense                  Defense                                           Time % Phy DF OF 
 1 Matt Grzelcyk            Darren Raddysh                                    50     1   2  2  
 2 Elias N. Pettersson      Hunter Brzustewicz                                50     1   2  2  

Penalty Kill 4 Players Forward 
   Center                   Wing                     Time % Phy DF OF 
 1 Pavel Dorofeyev          Zach Aston-Reese         50     1   2  2  
 2 Elmer Soderblom          Alexander Nylander       50     1   2  2  

Penalty Kill 4 Players Defense
   Defense                  Defense                  Time % Phy DF OF 
 1 Matt Grzelcyk            Darren Raddysh           50     1   2  2  
 2 Elias N. Pettersson      Hunter Brzustewicz       50     1   2  2  

Penalty Kill - 3 Players Forward 
   Forward                                           Time % Phy DF OF 
 1 Pavel Dorofeyev                                   50     1   2  2  
 2 Zach Aston-Reese                                  50     1   2  2  

Penalty Kill - 3 Players Defense
   Defense                  Defense                  Time % Phy DF OF 
 1 Matt Grzelcyk            Darren Raddysh           50     1   2  2  
 2 Elias N. Pettersson      Hunter Brzustewicz       50     1   2  2  

4 vs 4 Forward 
   Center                   Wing                     Time % Phy DF OF 
 1 Pavel Dorofeyev          Zach Aston-Reese         50     1   2  2  
 2 Elmer Soderblom          Alexander Nylander       50     1   2  2  

4 vs 4 Defense
   Defense                  Defense                  Time % Phy DF OF 
 1 Matt Grzelcyk            Darren Raddysh           50     1   2  2  
 2 Elias N. Pettersson      Hunter Brzustewicz       50     1   2  2  

Last Minutes Offensive
   Center                   Left Wing                Right Wing               Defense                  Defense                  
   Zach Aston-Reese         Pavel Dorofeyev          Alexander Nylander       Matt Grzelcyk            Darren Raddysh           

Last Minutes Defensive
   Center                   Left Wing                Right Wing               Defense                  Defense                  
   Zach Aston-Reese         Pavel Dorofeyev          Alexander Nylander       Matt Grzelcyk            Darren Raddysh           

Goaltenders
Starting : Unknown Goalie           
Backup : Unknown Goalie           

Extra Forwards
Normal : Jakub Vrana, Nolan Foote, Samuel Blais - PP : Jakub Vrana, Nolan Foote - PK : Samuel Blais
Extra Defensemen
Normal : Dmitri Kuzmin, Rodwin Dionicio, Mattias Norlinder - PP : Dmitri Kuzmin - PK : Rodwin Dionicio, Mattias Norlinder
Penalty Shots
Pavel Dorofeyev, Zach Aston-Reese, Elmer Soderblom, Alexander Nylander, Jakub Vrana

Scratches
None


% Time on Ice - Atlantic City Gamblers

Lines # - Real PCT - Wanted PCT - Time Play
Normal Forward
1 - 29% - 30% - 12:39
2 - 29% - 30% - 12:45
3 - 22% - 25% - 9:26
4 - 20% - 15% - 8:27
Normal Defense
1 - 37% - 38% - 16:10
2 - 39% - 37% - 17:04
3 - 23% - 25% - 10:03
4 - 0% - 0% - 0:00
PP Forward
1 - 56% - 50% - 1:01
2 - 44% - 50% - 0:48
PP Defense
1 - 39% - 50% - 0:42
2 - 61% - 50% - 1:07
PK Forward
1 - 68% - 55% - 8:45
2 - 32% - 45% - 4:09
PK Defense
1 - 63% - 55% - 8:05
2 - 37% - 45% - 4:49
PK3 Forward
1 - 0% - 50%
2 - 0% - 50%
PK3 Defense
1 - 0% - 50%
2 - 0% - 50%
44 Forward
1 - 12% - 45% - 0:14
2 - 88% - 55% - 1:46
44 Defense
1 - 19% - 45% - 0:23
2 - 81% - 55% - 1:37
Last Minute Offensive  - 0:00
Last Minute Defensive  - 0:00
Total
Forward - 60:00
Defense - 60:00

% Time on Ice - Havana Tropicals

Lines # - Real PCT - Wanted PCT - Time Play
Normal Forward
1 - 25% - 30% - 10:44
2 - 27% - 30% - 11:32
3 - 27% - 25% - 11:53
4 - 21% - 15% - 9:08
Normal Defense
1 - 30% - 30% - 13:06
2 - 31% - 30% - 13:37
3 - 27% - 25% - 11:38
4 - 11% - 15% - 4:56
PP Forward
1 - 51% - 50% - 6:35
2 - 49% - 50% - 6:19
PP Defense
1 - 50% - 50% - 6:29
2 - 50% - 50% - 6:25
PK Forward
1 - 50% - 50% - 0:55
2 - 50% - 50% - 0:54
PK Defense
1 - 50% - 50% - 0:55
2 - 50% - 50% - 0:54
PK3 Forward
1 - 0% - 50%
2 - 0% - 50%
PK3 Defense
1 - 0% - 50%
2 - 0% - 50%
44 Forward
1 - 48% - 50% - 0:58
2 - 52% - 50% - 1:02
44 Defense
1 - 43% - 50% - 0:52
2 - 57% - 50% - 1:08
Last Minute Offensive  - 0:00
Last Minute Defensive  - 0:00
Total
Forward - 60:00
Defense - 60:00

Play-by-Play

1st period


0:01 of 1st period - Thomas Bordeleau wins face-off versus Zach Aston-Reese in neutral zone.
0:10 of 1st period - Snap shot by Nils Hoglander.
0:10 of 1st period - Shot Misses the Net.
0:49 of 1st period - Caedan Bankier is hit by Darren Raddysh and loses puck.
0:56 of 1st period - Matt Grzelcyk is hit by Marek Alscher and loses puck.
1:06 of 1st period - Off-side.
1:07 of 1st period - Ben King wins face-off versus Pavel Dorofeyev in neutral zone.
2:01 of 1st period - Wrist shot by Nicklas Backstrom.
2:01 of 1st period - Shot Misses the Net.
2:13 of 1st period - Wrist shot by Ivan Miroshnichenko.
2:13 of 1st period - Deflect By Alexander Nylander.
2:13 of 1st period - Shot Blocked by Rodwin Dionicio.
2:13 of 1st period - Puck is out of play.
2:14 of 1st period - Caedan Bankier wins face-off versus Zach Aston-Reese in Havana Tropicals zone.
2:15 of 1st period - Snap shot by Ivan Miroshnichenko.
2:15 of 1st period - Stopped by Unknown Goalie with a rebound.
2:43 of 1st period - Off-side.
2:44 of 1st period - Ryan McAllister wins face-off versus Tristan Broz in neutral zone.
3:05 of 1st period - Wrist shot by Sasha Pastujov.
3:05 of 1st period - Stopped by Jan Bednar with a rebound.
3:07 of 1st period - Slapshot by Elmer Soderblom.
3:07 of 1st period - Deflect By Sasha Pastujov.
3:07 of 1st period - Stopped by Jan Bednar with a rebound.
3:09 of 1st period - Snap shot by Elias N. Pettersson.
3:09 of 1st period - Stopped by Jan Bednar with a rebound.
3:11 of 1st period - Snap shot by Sasha Pastujov.
3:11 of 1st period - Goal by Sasha Pastujov - Atlantic City Gamblers : 0 - Havana Tropicals : 1.
3:12 of 1st period - Thomas Bordeleau wins face-off versus Nicklas Backstrom in neutral zone.
3:14 of 1st period - Double Minor Penalty to Thomas Bordeleau for Roughing.
3:15 of 1st period - Caedan Bankier wins face-off versus Zach Aston-Reese in Atlantic City Gamblers zone.
4:06 of 1st period - Snap shot by Pavel Dorofeyev.
4:06 of 1st period - Goal by Pavel Dorofeyev - Atlantic City Gamblers : 0 - Havana Tropicals : 2.
4:07 of 1st period - Ryan McAllister wins face-off versus Caedan Bankier in neutral zone.
4:16 of 1st period - Wrist shot by Sasha Pastujov.
4:16 of 1st period - Deflect By Ryan McAllister.
4:16 of 1st period - Stopped by Jan Bednar with a rebound.
4:18 of 1st period - Wrist shot by Elmer Soderblom.
4:18 of 1st period - Stopped by Jan Bednar with a rebound.
4:20 of 1st period - Snap shot by Elmer Soderblom.
4:20 of 1st period - Stopped by Jan Bednar with a rebound.
4:36 of 1st period - Slapshot by Mason Lohrei.
4:36 of 1st period - Stopped by Unknown Goalie with a rebound.
6:06 of 1st period - Penalty to Thomas Bordeleau is over, Thomas Bordeleau is back on ice.
6:58 of 1st period - Slapshot by Yegor Sokolov.
6:58 of 1st period - Shot Misses the Net.
7:24 of 1st period - Zach Aston-Reese is hit by Ronnie Attard and loses puck.
8:05 of 1st period - Matt Grzelcyk is hit by Nathan Bastian and loses puck.
8:42 of 1st period - Slapshot by Ivan Miroshnichenko.
8:42 of 1st period - Goal by Ivan Miroshnichenko - Atlantic City Gamblers : 1 - Havana Tropicals : 2.
8:43 of 1st period - Thomas Bordeleau wins face-off versus Ryan McAllister in neutral zone.
8:46 of 1st period - Snap shot by Hendrix Lapierre.
8:46 of 1st period - Stopped by Unknown Goalie with a rebound.
8:48 of 1st period - Slapshot by Marek Alscher.
8:48 of 1st period - Stopped by Unknown Goalie with a rebound.
8:50 of 1st period - Snap shot by Nils Hoglander.
8:50 of 1st period - Goal by Nils Hoglander - Atlantic City Gamblers : 2 - Havana Tropicals : 2.
8:51 of 1st period - Zach Aston-Reese wins face-off versus Thomas Bordeleau in neutral zone.
9:24 of 1st period - Snap shot by Jakub Vrana.
9:24 of 1st period - Stopped by Jan Bednar with a rebound.
9:26 of 1st period - Wrist shot by Nicklas Backstrom.
9:26 of 1st period - Stopped by Jan Bednar with a rebound.
9:28 of 1st period - Wrist shot by Nolan Foote.
9:28 of 1st period - Shot Blocked by Tristan Broz.
9:30 of 1st period - Snap shot by Jakub Vrana.
9:30 of 1st period - Stopped by Jan Bednar without a rebound.
9:31 of 1st period - Caedan Bankier wins face-off versus Ryan McAllister in Atlantic City Gamblers zone.
9:31 of 1st period - Caedan Bankier is hit by Elias N. Pettersson.
9:47 of 1st period - Snap shot by Ivan Miroshnichenko.
9:47 of 1st period - Shot Misses the Net.
9:57 of 1st period - Sasha Pastujov is hit by Tristan Broz and loses puck.
10:10 of 1st period - Wrist shot by Tristan Broz.
10:10 of 1st period - Deflect By Sasha Pastujov.
10:10 of 1st period - Shot Misses the Net.
10:10 of 1st period - Puck is out of play.
10:11 of 1st period - Zach Aston-Reese wins face-off versus Thomas Bordeleau in Havana Tropicals zone.
10:26 of 1st period - Wrist shot by Pavel Dorofeyev.
10:26 of 1st period - Shot Misses the Net.
10:41 of 1st period - Snap shot by Jakub Vrana.
10:41 of 1st period - Stopped by Jan Bednar with a rebound.
11:32 of 1st period - Ronnie Attard is hit by Alexander Nylander and loses puck.
12:43 of 1st period - Nicklas Backstrom is hit by Marek Alscher and loses puck.
12:59 of 1st period - Minor Penalty to Ben King for Interference.
13:00 of 1st period - Tristan Broz wins face-off versus Ryan McAllister in Atlantic City Gamblers zone.
13:15 of 1st period - Wrist shot by Sasha Pastujov.
13:15 of 1st period - Stopped by Jan Bednar with a rebound.
14:59 of 1st period - Penalty to Ben King is over, Ben King is back on ice.
15:15 of 1st period - Snap shot by Jakub Vrana.
15:15 of 1st period - Shot Misses the Net.
15:35 of 1st period - Slapshot by Alexander Holtz.
15:35 of 1st period - Shot Blocked by Ryan McAllister.
16:47 of 1st period - Snap shot by Nils Hoglander.
16:47 of 1st period - Shot Misses the Net.
17:51 of 1st period - Nolan Foote is hit by Nils Hoglander.
18:28 of 1st period - Snap shot by Nils Hoglander.
18:28 of 1st period - Stopped by Unknown Goalie without a rebound.
18:29 of 1st period - Zach Aston-Reese wins face-off versus Thomas Bordeleau in Havana Tropicals zone.
18:34 of 1st period - Wrist shot by Alexander Nylander.
18:34 of 1st period - Stopped by Jan Bednar without a rebound.
18:35 of 1st period - Tristan Broz wins face-off versus Ryan McAllister in Atlantic City Gamblers zone.
18:40 of 1st period - Snap shot by Boris Katchouk.
18:40 of 1st period - Stopped by Unknown Goalie without a rebound.
18:41 of 1st period - Tristan Broz wins face-off versus Ryan McAllister in Havana Tropicals zone.
18:44 of 1st period - Slapshot by Boris Katchouk.
18:44 of 1st period - Shot Blocked by Elmer Soderblom.
19:07 of 1st period - Boris Katchouk is hit by Nicklas Backstrom and loses puck.
19:16 of 1st period - Slapshot by Yegor Sokolov.
19:16 of 1st period - Goal by Yegor Sokolov - Atlantic City Gamblers : 3 - Havana Tropicals : 2.
19:17 of 1st period - Zach Aston-Reese wins face-off versus Thomas Bordeleau in neutral zone.
19:28 of 1st period - Snap shot by Hendrix Lapierre.
19:28 of 1st period - Shot Blocked by Darren Raddysh.
19:43 of 1st period - Ivan Miroshnichenko is hit by Nicklas Backstrom and loses puck.
19:54 of 1st period - Wrist shot by Nolan Foote.
19:54 of 1st period - Shot Misses the Net.
Goals for this period are 3 for Atlantic City Gamblers vs 2 for Havana Tropicals.
Shots for this period are 9 for Atlantic City Gamblers vs 14 for Havana Tropicals.

2nd period


0:01 of 2nd period - Thomas Bordeleau wins face-off versus Zach Aston-Reese in neutral zone.
0:26 of 2nd period - Tristan Broz is hit by Elmer Soderblom and loses puck.
0:35 of 2nd period - Snap shot by Elmer Soderblom.
0:35 of 2nd period - Shot Misses the Net.
0:37 of 2nd period - Wrist shot by Hunter Brzustewicz.
0:37 of 2nd period - Shot Misses the Net.
0:51 of 2nd period - Snap shot by Boris Katchouk.
0:51 of 2nd period - Shot Misses the Net.
0:57 of 2nd period - Slapshot by Alexander Holtz.
0:57 of 2nd period - Shot Misses the Net.
1:19 of 2nd period - Wrist shot by Nathan Bastian.
1:19 of 2nd period - Shot Blocked by Pavel Dorofeyev.
1:21 of 2nd period - Wrist shot by Ben King.
1:21 of 2nd period - Shot Misses the Net.
1:57 of 2nd period - Icing by Shakir Mukhamadullin.
1:58 of 2nd period - Tristan Broz wins face-off versus Zach Aston-Reese in Atlantic City Gamblers zone.
3:10 of 2nd period - Off-side.
3:11 of 2nd period - Zach Aston-Reese wins face-off versus Tristan Broz in neutral zone.
3:36 of 2nd period - Thomas Bordeleau is hit by Hunter Brzustewicz and loses puck.
3:43 of 2nd period - Snap shot by Nils Hoglander.
3:43 of 2nd period - Stopped by Unknown Goalie with a rebound.
3:45 of 2nd period - Slapshot by Mason Lohrei.
3:45 of 2nd period - Deflect By Nils Hoglander.
3:45 of 2nd period - Goal by Nils Hoglander - Atlantic City Gamblers : 4 - Havana Tropicals : 2.
3:46 of 2nd period - Thomas Bordeleau wins face-off versus Zach Aston-Reese in neutral zone.
3:51 of 2nd period - Slapshot by Nils Hoglander.
3:51 of 2nd period - Stopped by Unknown Goalie with a rebound.
4:48 of 2nd period - Minor Penalty to Boris Katchouk for Roughing.
4:49 of 2nd period - Thomas Bordeleau wins face-off versus Sasha Pastujov in Atlantic City Gamblers zone.
5:02 of 2nd period - Snap shot by Elmer Soderblom.
5:02 of 2nd period - Stopped by Jan Bednar with a rebound.
5:04 of 2nd period - Snap shot by Darren Raddysh.
5:04 of 2nd period - Stopped by Jan Bednar without a rebound.
5:05 of 2nd period - Thomas Bordeleau wins face-off versus Zach Aston-Reese in Atlantic City Gamblers zone.
5:05 of 2nd period - Thomas Bordeleau is hit by Zach Aston-Reese.
5:37 of 2nd period - Slapshot by Elmer Soderblom.
5:37 of 2nd period - Shot Blocked by Mason Lohrei.
5:39 of 2nd period - Snap shot by Elmer Soderblom.
5:39 of 2nd period - Stopped by Jan Bednar with a rebound.
5:56 of 2nd period - Minor Penalty to Zach Aston-Reese for Roughing.
5:57 of 2nd period - Pavel Dorofeyev wins face-off versus Tristan Broz in Havana Tropicals zone.
6:10 of 2nd period - Snap shot by Tristan Broz.
6:10 of 2nd period - Stopped by Unknown Goalie without a rebound.
6:11 of 2nd period - Tristan Broz wins face-off versus Elmer Soderblom in Havana Tropicals zone.
6:12 of 2nd period - Snap shot by Jean-Luc Foudy.
6:12 of 2nd period - Deflect By Tristan Broz.
6:12 of 2nd period - Stopped by Unknown Goalie without a rebound.
6:13 of 2nd period - Elmer Soderblom wins face-off versus Tristan Broz in Havana Tropicals zone.
6:47 of 2nd period - Slapshot by Jakub Vrana.
6:47 of 2nd period - Stopped by Jan Bednar with a rebound.
6:48 of 2nd period - Penalty to Boris Katchouk is over, Boris Katchouk is back on ice.
7:21 of 2nd period - Wrist shot by Nils Hoglander.
7:21 of 2nd period - Shot Misses the Net.
7:23 of 2nd period - Wrist shot by Tristan Broz.
7:23 of 2nd period - Goal by Tristan Broz - Atlantic City Gamblers : 5 - Havana Tropicals : 2.
7:24 of 2nd period - Caedan Bankier wins face-off versus Ryan McAllister in neutral zone.
7:37 of 2nd period - Wrist shot by Alexander Holtz.
7:37 of 2nd period - Stopped by Unknown Goalie with a rebound.
7:39 of 2nd period - Snap shot by Ivan Miroshnichenko.
7:39 of 2nd period - Stopped by Unknown Goalie with a rebound.
8:14 of 2nd period - Wrist shot by Hendrix Lapierre.
8:14 of 2nd period - Stopped by Unknown Goalie with a rebound.
8:28 of 2nd period - Aidan McDonough is hit by Shakir Mukhamadullin and loses puck.
8:47 of 2nd period - Backhand shot by Boris Katchouk.
8:47 of 2nd period - Stopped by Unknown Goalie with a rebound.
9:29 of 2nd period - Minor Penalty to Ben King for High sticking.
9:30 of 2nd period - Ryan McAllister wins face-off versus Thomas Bordeleau in Atlantic City Gamblers zone.
10:28 of 2nd period - Snap shot by Thomas Bordeleau.
10:28 of 2nd period - Stopped by Unknown Goalie with a rebound.
10:58 of 2nd period - Zach Aston-Reese is hit by Yegor Sokolov and loses puck.
11:29 of 2nd period - Penalty to Ben King is over, Ben King is back on ice.
11:52 of 2nd period - Aidan McDonough is hit by Nils Hoglander and loses puck.
13:05 of 2nd period - Rodwin Dionicio is hit by Boris Katchouk and loses puck.
13:42 of 2nd period - Icing by Marek Alscher.
13:43 of 2nd period - Tristan Broz wins face-off versus Pavel Dorofeyev in Atlantic City Gamblers zone.
14:11 of 2nd period - Minor Penalty to Mattias Norlinder for High sticking.
14:12 of 2nd period - Thomas Bordeleau wins face-off versus Elmer Soderblom in Havana Tropicals zone.
14:18 of 2nd period - Snap shot by Hendrix Lapierre.
14:18 of 2nd period - Shot Misses the Net.
14:20 of 2nd period - Wrist shot by Mason Lohrei.
14:20 of 2nd period - Shot Blocked by Alexander Nylander.
14:24 of 2nd period - Wrist shot by Nathan Bastian.
14:24 of 2nd period - Stopped by Unknown Goalie with a rebound.
14:26 of 2nd period - Snap shot by Thomas Bordeleau.
14:26 of 2nd period - Shot Misses the Net.
14:28 of 2nd period - Snap shot by Mason Lohrei.
14:28 of 2nd period - Stopped by Unknown Goalie without a rebound.
14:29 of 2nd period - Tristan Broz wins face-off versus Pavel Dorofeyev in Havana Tropicals zone.
14:30 of 2nd period - Slapshot by Nils Hoglander.
14:30 of 2nd period - Shot Misses the Net.
14:32 of 2nd period - Slapshot by Mason Lohrei.
14:32 of 2nd period - Shot Misses the Net.
14:34 of 2nd period - Slapshot by Yegor Sokolov.
14:34 of 2nd period - Goal by Yegor Sokolov - Atlantic City Gamblers : 6 - Havana Tropicals : 2.
14:35 of 2nd period - Thomas Bordeleau wins face-off versus Zach Aston-Reese in neutral zone.
14:38 of 2nd period - Matt Grzelcyk is hit by Thomas Bordeleau and loses puck.
15:07 of 2nd period - Snap shot by Tristan Broz.
15:07 of 2nd period - Deflect By Boris Katchouk.
15:07 of 2nd period - Shot Hit the Post.
15:07 of 2nd period - Puck is out of play.
15:08 of 2nd period - Tristan Broz wins face-off versus Zach Aston-Reese in Havana Tropicals zone.
15:09 of 2nd period - Wrist shot by Mason Lohrei.
15:09 of 2nd period - Shot Blocked by Elias N. Pettersson.
15:12 of 2nd period - Icing by Hunter Brzustewicz.
15:13 of 2nd period - Zach Aston-Reese wins face-off versus Tristan Broz in Havana Tropicals zone.
15:21 of 2nd period - Zach Aston-Reese and Yegor Sokolov fight to a draw.
15:21 of 2nd period - Penalty to Zach Aston-Reese for Fighting.
15:21 of 2nd period - Penalty to Yegor Sokolov for Fighting.
15:22 of 2nd period - Jakub Vrana wins face-off versus Thomas Bordeleau in Havana Tropicals zone.
15:22 of 2nd period - Jakub Vrana is hit by Nils Hoglander.
16:08 of 2nd period - Slapshot by Marek Alscher.
16:08 of 2nd period - Shot Blocked by Hunter Brzustewicz.
16:40 of 2nd period - Wrist shot by Nathan Bastian.
16:40 of 2nd period - Shot Blocked by Nolan Foote.
16:42 of 2nd period - Slapshot by Marek Alscher.
16:42 of 2nd period - Deflect By Ben King.
16:42 of 2nd period - Shot Misses the Net.
16:42 of 2nd period - Puck is out of play.
16:43 of 2nd period - Ben King wins face-off versus Sasha Pastujov in Havana Tropicals zone.
16:47 of 2nd period - Rodwin Dionicio and Ben King fight to a draw.
16:47 of 2nd period - Penalty to Rodwin Dionicio for Fighting.
16:47 of 2nd period - Penalty to Ben King for Fighting.
16:48 of 2nd period - Thomas Bordeleau wins face-off versus Jakub Vrana in Havana Tropicals zone.
16:52 of 2nd period - Icing by Pavel Dorofeyev.
16:53 of 2nd period - Thomas Bordeleau wins face-off versus Jakub Vrana in Havana Tropicals zone.
17:00 of 2nd period - Slapshot by Hendrix Lapierre.
17:00 of 2nd period - Stopped by Unknown Goalie without a rebound.
17:01 of 2nd period - Tristan Broz wins face-off versus Jakub Vrana in Havana Tropicals zone.
17:02 of 2nd period - Wrist shot by Boris Katchouk.
17:02 of 2nd period - Stopped by Unknown Goalie with a rebound.
17:16 of 2nd period - Snap shot by Jakub Vrana.
17:16 of 2nd period - Stopped by Jan Bednar with a rebound.
17:28 of 2nd period - Wrist shot by Sasha Pastujov.
17:28 of 2nd period - Shot Misses the Net.
17:48 of 2nd period - Mason Lohrei is hit by Nolan Foote and loses puck.
18:26 of 2nd period - Dmitri Kuzmin is hit by Shakir Mukhamadullin and loses puck.
18:31 of 2nd period - Slapshot by Hendrix Lapierre.
18:31 of 2nd period - Deflect By Nils Hoglander.
18:31 of 2nd period - Stopped by Unknown Goalie without a rebound.
18:32 of 2nd period - Nicklas Backstrom wins face-off versus Thomas Bordeleau in Havana Tropicals zone.
18:36 of 2nd period - Off-side.
18:37 of 2nd period - Jean-Luc Foudy wins face-off versus Nicklas Backstrom in neutral zone.
18:39 of 2nd period - Off-side.
18:40 of 2nd period - Tristan Broz wins face-off versus Nicklas Backstrom in neutral zone.
18:42 of 2nd period - Off-side.
18:43 of 2nd period - Jakub Vrana wins face-off versus Tristan Broz in neutral zone.
18:46 of 2nd period - Snap shot by Pavel Dorofeyev.
18:46 of 2nd period - Stopped by Jan Bednar with a rebound.
18:48 of 2nd period - Wrist shot by Jakub Vrana.
18:48 of 2nd period - Stopped by Jan Bednar without a rebound.
18:49 of 2nd period - Caedan Bankier wins face-off versus Jakub Vrana in Atlantic City Gamblers zone.
18:58 of 2nd period - Wrist shot by Alexander Holtz.
18:58 of 2nd period - Shot Misses the Net.
19:00 of 2nd period - Wrist shot by Caedan Bankier.
19:00 of 2nd period - Stopped by Unknown Goalie with a rebound.
19:02 of 2nd period - Wrist shot by Ivan Miroshnichenko.
19:02 of 2nd period - Deflect By Caedan Bankier.
19:02 of 2nd period - Stopped by Unknown Goalie with a rebound.
19:04 of 2nd period - Slapshot by Mason Lohrei.
19:04 of 2nd period - Stopped by Unknown Goalie without a rebound.
19:05 of 2nd period - Thomas Bordeleau wins face-off versus Ryan McAllister in Havana Tropicals zone.
19:08 of 2nd period - Slapshot by Hendrix Lapierre.
19:08 of 2nd period - Stopped by Unknown Goalie with a rebound.
19:10 of 2nd period - Slapshot by Marek Alscher.
19:10 of 2nd period - Shot Blocked by Matt Grzelcyk.
19:12 of 2nd period - Wrist shot by Hendrix Lapierre.
19:12 of 2nd period - Shot Misses the Net.
19:14 of 2nd period - Slapshot by Shakir Mukhamadullin.
19:14 of 2nd period - Shot Misses the Net.
19:16 of 2nd period - Slapshot by Marek Alscher.
19:16 of 2nd period - Shot Blocked by Matt Grzelcyk.
19:18 of 2nd period - Wrist shot by Thomas Bordeleau.
19:18 of 2nd period - Shot Blocked by Sasha Pastujov.
19:20 of 2nd period - Wrist shot by Marek Alscher.
19:20 of 2nd period - Stopped by Unknown Goalie with a rebound.
19:39 of 2nd period - Wrist shot by Tristan Broz.
19:39 of 2nd period - Shot Misses the Net.
19:55 of 2nd period - Nolan Foote is hit by Ivan Miroshnichenko.
Goals for this period are 3 for Atlantic City Gamblers vs 0 for Havana Tropicals.
Shots for this period are 22 for Atlantic City Gamblers vs 7 for Havana Tropicals.

3rd period


0:01 of 3rd period - Jakub Vrana wins face-off versus Thomas Bordeleau in neutral zone.
0:35 of 3rd period - Slapshot by Matt Grzelcyk.
0:35 of 3rd period - Stopped by Jan Bednar with a rebound.
0:51 of 3rd period - Slapshot by Boris Katchouk.
0:51 of 3rd period - Goal by Boris Katchouk - Atlantic City Gamblers : 7 - Havana Tropicals : 2.
0:52 of 3rd period - Thomas Bordeleau wins face-off versus Zach Aston-Reese in neutral zone.
0:55 of 3rd period - Hunter Brzustewicz is hit by Thomas Bordeleau and loses puck.
1:47 of 3rd period - Wrist shot by Alexander Holtz.
1:47 of 3rd period - Shot Misses the Net.
2:04 of 3rd period - Aidan McDonough and Nathan Bastian fight to a draw.
2:04 of 3rd period - Penalty to Aidan McDonough for Fighting.
2:04 of 3rd period - Penalty to Nathan Bastian for Fighting.
2:04 of 3rd period - Penalty to Nathan Bastian for instigated a fight.
2:04 of 3rd period - Penalty to Nathan Bastian for instigated a fight.
2:05 of 3rd period - Thomas Bordeleau wins face-off versus Ryan McAllister in Atlantic City Gamblers zone.
3:33 of 3rd period - Backhand shot by Elias N. Pettersson.
3:33 of 3rd period - Stopped by Jan Bednar without a rebound.
3:34 of 3rd period - Thomas Bordeleau wins face-off versus Zach Aston-Reese in Atlantic City Gamblers zone.
4:04 of 3rd period - Penalty to Nathan Bastian is over, Nils Hoglander is send on ice.
4:12 of 3rd period - Thomas Bordeleau is hit by Jakub Vrana and loses puck.
4:19 of 3rd period - Backhand shot by Jakub Vrana.
4:19 of 3rd period - Shot Blocked by Mason Lohrei.
4:21 of 3rd period - Snap shot by Jakub Vrana.
4:21 of 3rd period - Shot Misses the Net.
4:47 of 3rd period - Nolan Foote is hit by Shakir Mukhamadullin and loses puck.
5:06 of 3rd period - Slapshot by Shakir Mukhamadullin.
5:06 of 3rd period - Stopped by Unknown Goalie with a rebound.
5:08 of 3rd period - Slapshot by Shakir Mukhamadullin.
5:08 of 3rd period - Shot Misses the Net.
7:07 of 3rd period - Nils Hoglander is hit by Nicklas Backstrom and loses puck.
8:09 of 3rd period - Shakir Mukhamadullin is hit by Jakub Vrana and loses puck.
8:39 of 3rd period - Elias N. Pettersson is hit by Ronnie Attard and loses puck.
9:32 of 3rd period - Minor Penalty to Ronnie Attard for High sticking.
9:33 of 3rd period - Zach Aston-Reese wins face-off versus Thomas Bordeleau in Atlantic City Gamblers zone.
9:41 of 3rd period - Wrist shot by Pavel Dorofeyev.
9:41 of 3rd period - Goal by Pavel Dorofeyev - Atlantic City Gamblers : 7 - Havana Tropicals : 3.
9:42 of 3rd period - Thomas Bordeleau wins face-off versus Zach Aston-Reese in neutral zone.
9:47 of 3rd period - Backhand shot by Hendrix Lapierre.
9:47 of 3rd period - Stopped by Unknown Goalie with a rebound.
9:49 of 3rd period - Snap shot by Mason Lohrei.
9:49 of 3rd period - Stopped by Unknown Goalie with a rebound.
9:51 of 3rd period - Slapshot by Filip Roos.
9:51 of 3rd period - Stopped by Unknown Goalie without a rebound.
9:52 of 3rd period - Zach Aston-Reese wins face-off versus Thomas Bordeleau in Havana Tropicals zone.
10:28 of 3rd period - Alexander Nylander and Thomas Bordeleau fight to a draw.
10:28 of 3rd period - Penalty to Alexander Nylander for Fighting.
10:28 of 3rd period - Penalty to Thomas Bordeleau for Fighting.
10:28 of 3rd period - Penalty to Thomas Bordeleau for instigated a fight.
10:28 of 3rd period - Penalty to Thomas Bordeleau for instigated a fight.
10:29 of 3rd period - Caedan Bankier wins face-off versus Ryan McAllister in Atlantic City Gamblers zone.
10:36 of 3rd period - Slapshot by Mason Lohrei.
10:36 of 3rd period - Stopped by Unknown Goalie with a rebound.
10:44 of 3rd period - Snap shot by Ryan McAllister.
10:44 of 3rd period - Deflect By Elmer Soderblom.
10:44 of 3rd period - Stopped by Jan Bednar without a rebound.
10:45 of 3rd period - Zach Aston-Reese wins face-off versus Caedan Bankier in Atlantic City Gamblers zone.
10:48 of 3rd period - Snap shot by Pavel Dorofeyev.
10:48 of 3rd period - Stopped by Jan Bednar with a rebound.
11:02 of 3rd period - Nils Hoglander is hit by Pavel Dorofeyev.
11:18 of 3rd period - Minor Penalty to Darren Raddysh for Roughing.
11:19 of 3rd period - Tristan Broz wins face-off versus Elmer Soderblom in Havana Tropicals zone.
11:20 of 3rd period - Wrist shot by Boris Katchouk.
11:20 of 3rd period - Shot Misses the Net.
11:28 of 3rd period - Hunter Brzustewicz is hit by Marek Alscher and loses puck.
11:35 of 3rd period - Wrist shot by Elmer Soderblom.
11:35 of 3rd period - Stopped by Jan Bednar with a rebound.
11:49 of 3rd period - Off-side.
11:50 of 3rd period - Jean-Luc Foudy wins face-off versus Pavel Dorofeyev in neutral zone.
11:53 of 3rd period - Slapshot by Mason Lohrei.
11:53 of 3rd period - Deflect By Nils Hoglander.
11:53 of 3rd period - Shot Blocked by Dmitri Kuzmin.
11:53 of 3rd period - Puck is out of play.
11:54 of 3rd period - Tristan Broz wins face-off versus Pavel Dorofeyev in Havana Tropicals zone.
12:05 of 3rd period - Snap shot by Pavel Dorofeyev.
12:05 of 3rd period - Shot Misses the Net.
12:07 of 3rd period - Slapshot by Matt Grzelcyk.
12:07 of 3rd period - Stopped by Jan Bednar without a rebound.
12:08 of 3rd period - Tristan Broz wins face-off versus Elmer Soderblom in Atlantic City Gamblers zone.
12:15 of 3rd period - Slapshot by Matt Grzelcyk.
12:15 of 3rd period - Stopped by Jan Bednar with a rebound.
12:17 of 3rd period - Snap shot by Jakub Vrana.
12:17 of 3rd period - Stopped by Jan Bednar with a rebound.
12:19 of 3rd period - Slapshot by Elmer Soderblom.
12:19 of 3rd period - Shot Misses the Net.
12:21 of 3rd period - Wrist shot by Dmitri Kuzmin.
12:21 of 3rd period - Shot Misses the Net.
12:28 of 3rd period - Penalty to Thomas Bordeleau is over, Jean-Luc Foudy is send on ice.
12:30 of 3rd period - Icing by Marek Alscher.
12:31 of 3rd period - Tristan Broz wins face-off versus Pavel Dorofeyev in Atlantic City Gamblers zone.
12:31 of 3rd period - Tristan Broz is hit by Elias N. Pettersson.
12:39 of 3rd period - Pavel Dorofeyev is hit by Shakir Mukhamadullin and loses puck.
12:54 of 3rd period - Elmer Soderblom is hit by Marek Alscher and loses puck.
13:18 of 3rd period - Penalty to Darren Raddysh is over, Darren Raddysh is back on ice.
13:39 of 3rd period - Snap shot by Nicklas Backstrom.
13:39 of 3rd period - Shot Misses the Net.
13:41 of 3rd period - Slapshot by Rodwin Dionicio.
13:41 of 3rd period - Shot Blocked by Jean-Luc Foudy.
13:43 of 3rd period - Slapshot by Jakub Vrana.
13:43 of 3rd period - Stopped by Jan Bednar without a rebound.
13:44 of 3rd period - Nils Hoglander wins face-off versus Ryan McAllister in Atlantic City Gamblers zone.
14:07 of 3rd period - Shakir Mukhamadullin is hit by Hunter Brzustewicz and loses puck.
15:00 of 3rd period - Wrist shot by Aidan McDonough.
15:00 of 3rd period - Stopped by Jan Bednar with a rebound.
15:02 of 3rd period - Snap shot by Aidan McDonough.
15:02 of 3rd period - Shot Misses the Net.
15:04 of 3rd period - Snap shot by Aidan McDonough.
15:04 of 3rd period - Shot Blocked by Boris Katchouk.
15:14 of 3rd period - Slapshot by Jakub Vrana.
15:14 of 3rd period - Stopped by Jan Bednar without a rebound.
15:15 of 3rd period - Nicklas Backstrom wins face-off versus Ben King in Atlantic City Gamblers zone.
15:43 of 3rd period - Minor Penalty to Ronnie Attard for Hooking.
15:44 of 3rd period - Caedan Bankier wins face-off versus Zach Aston-Reese in Atlantic City Gamblers zone.
15:54 of 3rd period - Snap shot by Nils Hoglander.
15:54 of 3rd period - Shot Blocked by Elias N. Pettersson.
15:56 of 3rd period - Slapshot by Mason Lohrei.
15:56 of 3rd period - Shot Misses the Net.
15:58 of 3rd period - Snap shot by Caedan Bankier.
15:58 of 3rd period - Shot Blocked by Zach Aston-Reese.
16:14 of 3rd period - Nils Hoglander is hit by Sasha Pastujov and loses puck.
17:04 of 3rd period - 10 Minutes Misconduct Penalty to Nathan Bastian is over.
17:39 of 3rd period - Snap shot by Yegor Sokolov.
17:39 of 3rd period - Deflect By Matt Grzelcyk.
17:39 of 3rd period - Shot Misses the Net.
17:39 of 3rd period - Puck is out of play.
17:40 of 3rd period - Yegor Sokolov wins face-off versus Zach Aston-Reese in Havana Tropicals zone.
17:43 of 3rd period - Penalty to Ronnie Attard is over, Ronnie Attard is back on ice.
17:48 of 3rd period - Off-side.
17:49 of 3rd period - Ben King wins face-off versus Nicklas Backstrom in neutral zone.
17:56 of 3rd period - Snap shot by Nathan Bastian.
17:56 of 3rd period - Stopped by Unknown Goalie with a rebound.
17:58 of 3rd period - Snap shot by Jean-Luc Foudy.
17:58 of 3rd period - Shot Misses the Net.
18:24 of 3rd period - Snap shot by Elmer Soderblom.
18:24 of 3rd period - Shot Blocked by Shakir Mukhamadullin.
19:00 of 3rd period - Snap shot by Aidan McDonough.
19:00 of 3rd period - Stopped by Jan Bednar with a rebound.
Goals for this period are 1 for Atlantic City Gamblers vs 1 for Havana Tropicals.
Shots for this period are 7 for Atlantic City Gamblers vs 13 for Havana Tropicals.